 Dungeon Crawl Stone Soup version 0.31-a0-851-g7ff8af7976 (webtiles) character file.

Game seed: 16895747616846134772

74 CowFu the Changeling (level 4, -2/48 HPs)
             Began as a Merfolk Shapeshifter on Oct 6, 2023.
             Slain by an orc
             ... wielding a +0 mace
              (3 damage)
             ... on level 3 of the Dungeon.
             The game lasted 00:01:58 (1727 turns).

CowFu the Changeling (Merfolk Shapeshifter)         Turns: 1727, Time: 00:01:58

Health: -2/48      AC:  2    Str: 16    XL:     4   Next: 28%
Magic:  4/4        EV: 12    Int:  9    God:
Gold:   107        SH:  0    Dex: 13    Spells: 3/3 levels left

rFire   . .          .
                       - Unarmed
rCold   . . .        (no shield)
rNeg    . . .        a - +0 animal skin
rPois   .            (helmet currently unavailable)
rElec   .            (cloak currently unavailable)
rCorr   .            (gloves currently unavailable)
SInv    .            (boots currently unavailable)
Will    .....        (no amulet) Stlth
                     (no ring)
HPRegen 0.28/turn    (no ring)
MPRegen 0.09/turn

%: no passive effects
@: berserking (expiring), beast-form, very quick
A: beast (slay +3), (nimble swimmer 2), mertail
a: Begin Untransformation


You were on level 3 of the Dungeon.
You were a hulking beast.
You visited 1 branch of the dungeon, and saw 3 of its levels.

You collected 107 gold pieces.

Inventory:

Missiles
 f - 2 throwing nets
Armour
 a - a +0 animal skin (worn)
Talismans
 c - a beast talisman (active)
 d - a flux talisman
Scrolls
 g - a scroll of revelation {unknown}
 i - a scroll of blinking {unknown}
 j - a scroll of amnesia {unknown}
 k - a scroll of torment {unknown}
 l - 2 scrolls of teleportation {unknown}
 m - a scroll of identify {unknown}
Potions
 b - a potion of lignification
 e - a potion of degeneration {unknown}
 h - a potion of berserk rage


   Skills:
 - Level 1.1 Fighting
 - Level 2.6 Dodging
 - Level 3.2 Unarmed Combat
 + Level 6.3 Shapeshifting


You had 3 spell levels left.
You didn't know any spells.
Your spell library was empty.

Dungeon Overview and Level Annotations

Branches:
Dungeon (3/15)

Altars:


Innate Abilities, Weirdness & Mutations

You are a hulking beast.
Your limbs bulge with bestial killing power. (Slay +3)
((You are very nimble when in or above water. (Stealth+, EV+, Speed+++)))
Your lower body shifts to a powerful aquatic tail in water.


Message History

You are too injured to fight recklessly!
You are too injured to fight recklessly!
You are too injured to fight recklessly!
You barely miss the orc.
The orc is heavily wounded.
The orc hits you with a +0 hand axe.
* * * LOW HITPOINT WARNING * * *
Okay, then.
It was a potion of berserk rage.
A red film seems to cover your vision as you go berserk!
You feel yourself moving faster!
You feel mighty! The orc hits you but does no damage.
You punch the orc!
You kill the orc!
The orc hits you with a +0 dagger.
* * * LOW HITPOINT WARNING * * *
The orc hits you with a +0 mace.
* * * LOW HITPOINT WARNING * * *
Items here: )) [ ††.
You closely miss the orc. The orc misses you. x2
You hit the orc.
The orc is heavily wounded.
You punch the orc!
You kill the orc!
The orc closely misses you.
You hit the orc.
The orc is heavily wounded.
The orc closely misses you.
You punch the worm!
The worm is severely wounded.
The worm bites you.
* * * LOW HITPOINT WARNING * * *
You punch the worm!
You kill the worm!
The orc hits you with a +0 mace.
* * * LOW HITPOINT WARNING * * *
You hit the orc.
The orc is severely wounded.
The orc priest closely misses you. The orc hits you with a +0 mace.
You die...

##### #########.#.###
#oh.......#...#
#o#######.#.#.# #.#
#.#.#.#### ## #.#
#.#.#....# ... #.#
#.#.####.# ...o #.# #.#.#
#.# ...o. #.# #.#.# #.#
......##.# #.#.# #.#
.....o<.o#######.#.####.#


You could see an orc priest and an orc.

Vanquished Creatures
  3 adders (D:2)
  2 worms (D:3)
  3 orcs (D:3)
  5 bats
  4 endoplasms
  2 giant cockroaches (D:2)
  4 goblins
  2 hobgoblins
  3 kobolds (D:1)
  A quokka (D:3)
  3 ball pythons
  A frilled lizard (D:2)
  3 rats
36 creatures vanquished.

Notes
Turn   | Place    | Note
-------+----------+-------------------------------------------
     0 | D:1      | CowFu the Merfolk Shapeshifter began the quest for the Orb.
     0 | D:1      | Reached XP level 1. HP: 15/15 MP: 1/1
   217 | D:1      | Reached XP level 2. HP: 21/21 MP: 2/2
   466 | D:1      | Found a faded altar of an unknown god.
   838 | D:2      | Reached skill level 5 in Shapeshifting
   889 | D:2      | Reached XP level 3. HP: 9/26 MP: 3/3
  1545 | D:3      | Reached skill level 6 in Shapeshifting
  1545 | D:3      | Reached XP level 4. HP: 8/32 MP: 4/4
  1726 | D:3      | HP: 1/48 [orc/+0 mace (3)]
  1727 | D:3      | Slain by an orc

Illustrated notes

Levels and vault maps discovered:
D:1:      mrwooster_arrival_statue_2, layout_loops_ring,
          shapermc_ecumenical_altar_ellora
D:2:      layout_basic, chequers_serial_rivers_small_3
D:3:      layout_basic, cheibrodos_sewer_entry_bend, minmay_pentomino_pile

Skill      XL: |  1  2  3 |
---------------+----------+-----
Shapeshifting  | 5 6 |  6.3
Fighting       | |  1.1
Dodging        | |  2.6
Unarmed Combat | |  3.2

Action                     |  1- 3 |  4- 6 || total
---------------------------+-------+-------++-------
  Melee: Unarmed           |    80 |    30 ||   110
         Punch             |       |     1 ||     1
    Use: Potion            |       |     1 ||     1
   Stab: Sleeping          |     2 |       ||     2
 Armour: Animal skin       |    38 |    19 ||    57
  Dodge: Dodged            |    47 |    23 ||    70

Table legend: (Time is in decaauts)
 A = Elapsed time spent in this place.
 B = Non-inter-level travel time spent in this place.
 C = Inter-level travel time spent in this place.
 D = Time resting spent in this place.
 E = Time spent auto-exploring this place.
 F = Levels seen in this place.
 G = Mean time per level.
                   A        B        C        D        E       F      G
               +--------+--------+--------+--------+--------+-----+--------+
         Total |   1710 |   1613 |     97 |      0 |   1257 |   3 |  570.0 |
       Dungeon |   1710 |   1613 |     97 |      0 |   1257 |   3 |  570.0 |
               +--------+--------+--------+--------+--------+-----+--------+

Top non-repeatable levels by time:
     D:1: 816 daAuts
     D:2: 681 daAuts
     D:3: 212 daAuts
